Cogmind - Beta 14 @@@ ROGUE MODE // 2025.03.27 @ 12:35:55 Player: Jakabob247 Result: Destroyed by as-62432 with Assembled Blade Performance ------------- Evolutions (1) 500 Regions Visited (3) 600 Robots Destroyed (21) 105 Value Destroyed (492) 492 Prototype IDs (2) 40 Alien Tech Used (0) 0 Bonus (0) 0 TOTAL SCORE: 1737 Bonus ------- None Cogmind --------- Core Integrity 0/400 Matter 300/300 Energy 100/100 System Corruption 6% Temperature Cool (0) Movement Core (150) Ox2 Location -9/Mines Parts ------- > --- POWER (2) -------- (None) > --- PROPULSION (2) --- (None) > --- UTILITY (3) ------ Small Storage Unit Trap Scanner > --- WEAPON (2) ------- (None) > --- INVENTORY (8) ---- Aluminum Leg Aluminum Leg Heat Sink Visual Processing Unit Propulsion Shielding Grenade Launcher Peak State ------------ > --- POWER ------------ Ion Engine Light Ion Engine > --- PROPULSION ------- Aluminum Leg Aluminum Leg > --- UTILITY ---------- Small Storage Unit Trap Scanner Hacking Suite > --- WEAPON ----------- Small Laser Flak Cannon > --- INVENTORY -------- Aluminum Leg Aluminum Leg Visual Processing Unit Propulsion Shielding Propulsion Shielding Small Laser Grenade Launcher [Rating: 15] Favorites ----------- Power Light Ion Engine Engine Light Ion Engine Propulsion Aluminum Leg Leg Aluminum Leg Utility Small Storage Unit Device Trap Scanner Storage Small Storage Unit Hackware Hacking Suite Protection Propulsion Shielding Weapon Small Laser Energy Gun Small Laser Ballistic Cannon Flak Cannon Build | -11 -10 -9 -9 ------- Run | Yrd Mat Mat Min Slots Evolved 2 | . . 2 . Power 1 | . . 1 . Propulsion . | . . . . Utility 1 | . . 1 . Weapon . | . . . . Parts Attached 14 | 6 1 7 . Power 3 | 1 . 2 . Engine 3 | 1 . 2 . Core . | . . . . Reactor . | . . . . Propulsion 2 | 2 . . . Treads . | . . . . Leg 2 | 2 . . . Wheel . | . . . . Hover . | . . . . Flight . | . . . . Utility 5 | 1 1 3 . Device 1 | . . 1 . Storage 1 | 1 . . . Processor . | . . . . Hackware 1 | . . 1 . Protection 2 | . 1 1 . Artifact . | . . . . Weapon 4 | 2 . 2 . Energy Gun 3 | 2 . 1 . Energy Cannon . | . . . . Ballistic Gun . | . . . . Ballistic Cannon 1 | . . 1 . Launcher . | . . . . Special Weapon . | . . . . Impact Weapon . | . . . . Slashing Weapon . | . . . . Piercing Weapon . | . . . . Special Melee Weapon . | . . . . Unidentified Prototypes . | . . . . Parts Lost 10 | . . 8 2 Power 3 | . . 3 . Propulsion 2 | . . 2 . Utility 1 | . . . 1 Weapon 4 | . . 3 1 Highest Loss Streak 4 | . . 4 2 To Critical Strikes . | . . . . Average Slot Usage (%) 92 | . 99 92 38 Engine 16 | . 14 18 . Leg 21 | . 28 20 . Device 7 | . . 9 11 Storage 11 | . 14 11 11 Hackware 7 | . . 9 8 Protection 4 | . 13 2 . Energy Gun 16 | . 28 12 8 Ballistic Cannon 5 | . . 7 . Peak Build Rating 15 | 6 7 15 8 Average Rating 11 | 4 6 13 6 On Entrance 5 | . 6 7 8 Naked Turns . | . . . . Heaviest Build 22 | 13 14 22 8 Greatest Support 20 | 20 20 20 3 Greatest Overweight (x) 2 | . . 2 2 Average Overweight (x) . | . . . 2 Largest Inventory Capacity 8 | 8 8 8 8 Average Capacity 7 | 7 8 8 8 Most Carried 8 | 2 7 8 6 Average Carried 6 | 1 5 6 6 Final Capacity 8 | 8 8 8 8 Final Carried 6 | 2 6 6 6 Class Distribution -------------------- 100% | Mutant Dominant Class ---------------- Mutant | -10/Materials Mutant | -9/Materials Mutant | -9/Mines Resources | -11 -10 -9 -9 ----------- Run | Yrd Mat Mat Min Matter Collected 433 | 230 37 166 . Remotely . | . . . . Salvage Created 490 | . 212 278 . Parts 37 | . 14 23 . Haulers Intercepted . | . . . . Recyclers Shooed . | . . . . Parts Field Recycled . | . . . . Retrieved Matter . | . . . . Parts Self-Destructed . | . . . . Prevented . | . . . . Kills | -11 -10 -9 -9 ------- Run | Yrd Mat Mat Min Combat Hostiles Destroyed 16 | . 5 11 . Guns 9 | . 5 4 . Cannons 7 | . . 7 . Classes Destroyed 6 | . 5 1 . Builder 1 | . 1 . . Operator 1 | . 1 . . Watcher 3 | . 2 1 . Swarmer 7 | . 3 4 . Grunt 8 | . 2 6 . Sentry 1 | . . 1 . Best Kill Streak 5 | . 5 4 . Combat Bots Only 4 | . 3 4 . Max Kills in Single Turn 1 | . 1 1 . Gunslinging . | . . . . Exploded . | . . . . Melee . | . . . . Uniques/NPCs Destroyed . | . . . . Combat | -11 -10 -9 -9 -------- Run | Yrd Mat Mat Min Hostile Shots Fired 152 | . 34 102 16 Missed 33 | . 5 25 3 Damage Taken 1403 | . 277 908 218 Core 528 | . 115 278 135 Absorbed by Shields . | . . . . Redirected to Shielding 14 | . 14 . . Core Remaining (%) 77 | 100 54 . . Volleys Fired 62 | . 24 38 . Largest 2 | . 2 2 . Hottest 84 | . 80 84 . Shots Fired 105 | . 48 57 . Gun 86 | . 48 38 . Cannon 19 | . . 19 . Launcher . | . . . . Special . | . . . . Kinetic 19 | . . 19 . Thermal 57 | . 24 33 . Explosive . | . . . . Electromagnetic 29 | . 24 5 . Robot Hit Streak 14 | . 7 14 . Robot Miss Streak 11 | . 2 11 . Penetration Max . | . . . . Secondary Targets 1 | . 1 . . Max Gunslinging Chain 1 | . 1 . . Shots Hit Robots 67 | . 31 36 . Core Hits 41 | . 10 30 1 Critical Kills . | . . . . Critical Parts Destroyed . | . . . . Critical Strikes . | . . . . Melee Attacks . | . . . . Impact . | . . . . Slashing . | . . . . Piercing . | . . . . Sneak Attacks . | . . . . Combat Hostiles . | . . . . Follow-up Attacks . | . . . . Damage Inflicted 1003 | . 440 555 8 Guns 699 | . 439 260 . Cannons 284 | . . 284 . Explosions . | . . . . Melee . | . . . . Ramming 20 | . 1 11 8 Kinetic 284 | . . 284 . Thermal 420 | . 172 248 . Explosive . | . . . . Electromagnetic 279 | . 267 12 . Impact . | . . . . Slashing . | . . . . Piercing . | . . . . Highest Corruption 6 | . . . 6 Average Corruption 6 | . . . 6 Corruption Purged . | . . . . Corruption Blocked . | . . . . Effects 1 | . . . 1 Message Errors 1 | . . . 1 Overload Shots . | . . . . Overflow Damage . | . . . . Projectiles . | . . . . Explosions . | . . . . Melee . | . . . . Knockbacks 11 | . . 11 . Impact 1 | . . 1 . Kinetic 10 | . . 10 . Secondary . | . . . . Self-Inflicted Damage 6 | . . 3 3 Shots . | . . . . Rammed 4 | . . 1 3 Targets Rammed 7 | . 2 2 3 Kicked 3 | . 2 1 . Crushed . | . . . . Highest Temperature 246 | . 246 170 . Average Temperature 71 | . 94 48 . Received Heat Transfer 535 | . 84 351 100 Siege Activations . | . . . . Robots Corrupted . | . . . . Combat Hostiles . | . . . . Parts Fried . | . . . . Impact Corruptions . | . . . . Robots Melted . | . . . . Combat Hostiles . | . . . . Parts Melted 1 | . . 1 . Heat Transferred 925 | . 375 550 . Parts Sabotaged . | . . . . Parts Stolen . | . . . . Parts Stripped . | . . . . Power Chain Reactions . | . . . . Alert | -11 -10 -9 -9 ------- Run | Yrd Mat Mat Min Peak Influence 187 | . 187 158 34 Initial 51 | . . 51 34 Average 63 | . 67 67 26 Maximum Alert Level . | . . . . Low Security (%) 100 | 100 100 100 100 Level 1 . | . . . . Level 2 . | . . . . Level 3 . | . . . . Level 4 . | . . . . Level 5 . | . . . . High Security . | . . . . Max Security . | . . . . Squads Dispatched 3 | . 1 2 . Investigation 2 | . 1 1 . Extermination . | . . . . Reinforcement 1 | . . 1 . Assault . | . . . . Garrison . | . . . . Intercept . | . . . . Searches Triggered . | . . . . Construction Impeded . | . . . . Haulers Reinforced . | . . . . Active Scanning Responses . | . . . . Cargo Convoy Interrupts . | . . . . Stealth | -11 -10 -9 -9 --------- Run | Yrd Mat Mat Min Distress Signals 2 | . 2 . . Communications Jammed . | . . . . Distress Signals . | . . . . Times Spotted 42 | . 15 17 10 Peak Tracking Total 7 | . 5 5 7 Tactical Retreats 4 | . 2 2 . Traps | -11 -10 -9 -9 ------- Run | Yrd Mat Mat Min Traps Triggered . | . . . . Indirectly . | . . . . Trap Hack Attempts . | . . . . Triggered . | . . . . Disarmed . | . . . . Reprogrammed . | . . . . Reused . | . . . . Traps Extracted . | . . . . Installed . | . . . . Triggered . | . . . . Machines | -11 -10 -9 -9 ---------- Run | Yrd Mat Mat Min Machines Disabled 1 | . . 1 . Max in Single Turn 1 | . . 1 . Machines Repaired . | . . . . Machines Dismantled . | . . . . Machines Sabotaged . | . . . . Overloaded Fab Kills . | . . . . Hacking | -11 -10 -9 -9 --------- Run | Yrd Mat Mat Min Machines Accessed 8 | . 2 6 . Terminals 7 | . 2 5 . Fabricators . | . . . . Repair Stations . | . . . . Recycling Units 1 | . . 1 . Scanalyzers . | . . . . Garrison Access . | . . . . Total Hacks 21 | . 5 16 . Successful 16 | . 3 13 . Failed 5 | . 2 3 . Catastrophic . | . . . . Database Lockouts . | . . . . Manual . | . . . . Terminals 19 | . 5 14 . Fabricators . | . . . . Repair Stations . | . . . . Recycling Units 2 | . . 2 . Scanalyzers . | . . . . Garrison Access . | . . . . Terminal Hacks 14 | . 3 11 . Record 5 | . . 5 . Prototype ID Bank 1 | . 1 . . Alert Level 2 | . . 2 . Unreport Threat 1 | . 1 . . Locate Traps 1 | . . 1 . Dispatch Records 1 | . . 1 . Maintenance Status 1 | . 1 . . Reinforcement Status 1 | . . 1 . Zone Layout 1 | . . 1 . Fabricator Hacks . | . . . . Repair Station Hacks . | . . . . Recycling Unit Hacks 2 | . . 2 . Recycle Component 1 | . . 1 . Process 1 | . . 1 . Scanalyzer . | . . . . Garrison Access Hacks . | . . . . Unauthorized Hacks . | . . . . Terminals . | . . . . Fabricators . | . . . . Repair Stations . | . . . . Recycling Units . | . . . . Scanalyzers . | . . . . Garrison Access . | . . . . Data Cores Recovered . | . . . . Used . | . . . . Hacking Detections 7 | . 1 6 . Full Trace Events 4 | . 1 3 . Feedback Events . | . . . . Feedback Blocked . | . . . . Robot Schematics Acquired . | . . . . Robots Built . | . . . . Authchips . | . . . . Time . | . . . . Total Robot Build Rating . | . . . . Part Schematics Acquired . | . . . . Parts Built . | . . . . Authchips . | . . . . Time . | . . . . Total Part Build Rating . | . . . . Parts Repaired . | . . . . Time . | . . . . Parts Recycled 1 | . . 1 . Recycled Matter 16 | . . 16 . Retrieved Matter . | . . . . Retrieved Components . | . . . . Parts Scanalyzed . | . . . . Part Schematics Acquired . | . . . . Parts Damaged . | . . . . Bothacking | -11 -10 -9 -9 ------------ Run | Yrd Mat Mat Min Used RIF Installer . | . . . . Robots Hacked . | . . . . Non-combat . | . . . . Combat . | . . . . Robot Hacks Applied . | . . . . Relay Couplers Released . | . . . . Fabnet Peak Effective % . | . . . . Robots Rewired . | . . . . Allies Hacked . | . . . . Hacks Repelled . | . . . . Allies | -11 -10 -9 -9 -------- Run | Yrd Mat Mat Min Total Allies . | . . . . Largest Group . | . . . . Highest-Rated Group . | . . . . Highest-Rated Ally . | . . . . Total Orders . | . . . . Ally Attacks . | . . . . Total Damage . | . . . . Kills . | . . . . Allies Corrupted . | . . . . Allies Melted . | . . . . Intel | -11 -10 -9 -9 ------- Run | Yrd Mat Mat Min Robot Analysis Total . | . . . . Derelict Logs Recovered . | . . . . Drone Launches . | . . . . Drone Recoveries . | . . . . Exploration | -11 -10 -9 -9 ------------- Run | Yrd Mat Mat Min Turns Passed 1457 | 59 306 1049 43 Spaces Moved 866 | 44 175 629 18 Core 42 | 7 . 17 18 Treads . | . . . . Legs 824 | 37 175 612 . Wheels . | . . . . Hover . | . . . . Flight . | . . . . Fastest Speed 50 | 50 120 120 150 Average Speed 136 | 108 120 142 150 Slowest Speed 190 | 120 120 190 150 Overloaded Moves . | . . . . Propulsion Burnouts . | . . . . Robots Hopped . | . . . . Cave-ins Triggered . | . . . . Exploration Rate (%) 22 | 3 36 43 7 Regions Visited 3 Branch Regions 1 Pre-discovered Areas . | . . . . Known Exits Taken . | . . . . Unknown Exits Taken 3 | 1 1 1 . Scrap Searched . | . . . . Spaces Dug . | . . . . Terrain Destroyed . | . . . . Melee . | . . . . Projectile . | . . . . AOE . | . . . . Terrain Rammed . | . . . . Walls Destroyed . | . . . . Machines Disabled . | . . . . Actions | -11 -10 -9 -9 --------- Run | Yrd Mat Mat Min Total 1032 | 52 222 725 33 Wait 71 | 1 15 43 12 Move 863 | 43 174 628 18 Hop . | . . . . Pick Up 12 | 2 5 5 . Fast Attach 8 | 6 1 1 . Attach 6 | . . 6 . Detach 2 | . . 2 . Swap . | . . . . Drop 1 | . 1 . . Fire 62 | . 24 38 . Melee . | . . . . Ram 4 | . . 1 3 Kick 3 | . 2 1 . Crush . | . . . . Escape Stasis . | . . . . Rewire . | . . . . Trap . | . . . . Miscellaneous . | . . . . Route ------- -11/Scrapyard -10/Materials -9/Materials -9/Mines History --------- Turn | Location | Event 4 | -11/Scrapyard | Discovered new exit (range 14) 60 | -11/Scrapyard | Entered Materials 318 | -10/Materials | Build established: Mutant 342 | -10/Materials | Discovered new exit (range 14) 366 | -10/Materials | Entered another Materials area 366 | -9/Materials | Evolved 2 slots: Power x1, Utility x1 1342 | -9/Materials | Lost 4 parts (2p1n1w) 1362 | -9/Materials | Core integrity fell below 50% 1404 | -9/Materials | Discovered new exit (range 8) 1415 | -9/Materials | Entered Mines 1416 | -9/Mines | Assembled infested the area 1421 | -9/Mines | Assisted by a Guerilla fighting off Assembled 1425 | -9/Mines | Met a Derelict bent on vengeance 1440 | -9/Mines | Core integrity fell below 20% 1458 | -9/Mines | Destroyed by as-62432 with Assembled Blade Last Messages --------------- 01427_ as-18611 destroyed. 01429_ as-09927 knocked back. 01431_ K-01 Serf destroyed. 01431_ HV Slug penetrates Wall. 01433_ as-09927 destroyed. 01435_ HV Slug penetrates as-44946. 01435_ as-44946 suffers critical hit (Destroy). 01435_ as-44946 knocked back. 01438_ HV Slug penetrates Wall. 01439_ Slammed into as-76442. 01439_ Destabilizing: System interference. 01439_ Trap Scanner temporarily disabled. 01441_ Slammed into as-44946. 01441_ Hacking Suite destroyed. 01441_ Sml. Laser destroyed. 01441_ System corrupted by crushing effect (+1). 01441_ System corrupted by crushing effect (+5). 01449_ as-80740 knocked back. 01450_ 7HPKKE&O NSWBWN ID2U